[Event "Titled Tuesday Blitz July 25 Late 2023"]
[White "Goltsev, Dmitry"]
[Black "Terletsky, Oleg"]
[WhiteFideId "24176710"]
[BlackFideId "14116774"]
[WhiteElo "2678"]
[BlackElo "2516"]
[Result "1-0"]
[Round "6"]
[TimeControl "180+2"]
[Date "2023.07.25"]
[WhiteClock "0:00:38"]
[BlackClock "0:00:03"]
[Board "58"]

1. e4 e5 2. Nf3 Nc6 3. Bb5 a6 4. Ba4 Nf6 5. O-O Be7 6. Re1 b5 7. Bb3 d6 8. c3 O-O 9. h3 Bb7 10. d4 Re8 11. Ng5 Rf8 12. Nf3 h6 13. Nh4 Na5 14. Bc2 Nxe4 15. Nf5 d5 16. dxe5 Bg5 17. Nd2 Nxd2 18. Bxd2 Nc4 19. Bc1 Re8 20. f4 Be7 21. Qg4 g6 22. Nxh6+ Kf8 23. Nxf7 Bc5+ 24. Kh2 Kxf7 25. Bxg6+ Ke7 26. f5 Kd7 27. f6+ Kc6 28. Bxe8+ Qxe8 29. e6 Kb6 30. Bh6 Bd6+ 31. Bf4 Bxf4+ 32. Qxf4 Qg6 33. f7 Rf8 34. e7 Rxf7 35. e8=Q Rxf4 36. Qxg6+ c6 37. Re7 Rf2 38. Qg7 Bc8 39. Qd4+ c5 40. Qxf2 1-0


[Site "https://www.chess.com"]

[Event "Titled Tuesday Blitz July 25 Late 2023"]
[White "Gubajdullin, Alexei"]
[Black "Toniutti, Ezio"]
[WhiteFideId "4141202"]
[BlackFideId "113034"]
[WhiteElo "2675"]
[BlackElo "2514"]
[Result "1-0"]
[Round "6"]
[TimeControl "180+2"]
[Date "2023.07.25"]
[WhiteClock "0:01:18"]
[BlackClock "0:00:00"]
[Board "59"]

1. d4 d5 2. Nf3 Nf6 3. Bf4 e6 4. e3 Bd6 5. Nbd2 O-O 6. Bg3 c5 7. Bd3 Qc7 8. Bxd6 Qxd6 9. c4 Nc6 10. cxd5 exd5 11. dxc5 Qxc5 12. Nb3 Qb6 13. O-O Bg4 14. Be2 Rad8 15. Nfd4 Bc8 16. Rc1 Ne5 17. Qd2 Ne4 18. Qa5 Qg6 19. Kh1 a6 20. Qc7 Rfe8 21. Nc5 Nxc5 22. Rxc5 h5 23. Nf3 Ng4 24. h3 Nf6 25. Ne5 Qe4 26. Qxf7+ Kh7 27. Bd3 Rxe5 28. Bxe4+ Nxe4 29. Rc7 Rg8 30. Kg1 Rg5 31. h4 Rg6 32. Qxd5 Nf6 33. Qd3 Bh3 34. Rc5 Bxg2 35. Rg5 Be4 36. Qd4 Re8 37. Rc1 Rxg5+ 38. hxg5 Ng4 39. Rc7 Re5 40. f4 1-0


[Site "https://www.chess.com"]

[Event "Titled Tuesday Blitz July 25 Late 2023"]
[White "Sabuk, Piotr"]
[Black "only_strong_moves"]
[WhiteFideId "1137565"]
[WhiteElo "2675"]
[BlackElo "2505"]
[Result "1-0"]
[Round "6"]
[TimeControl "180+2"]
[Date "2023.07.25"]
[WhiteClock "0:00:16"]
[BlackClock "0:00:35"]
[Board "60"]

1. d4 d5 2. c4 e6 3. Nf3 a6 4. cxd5 exd5 5. Nc3 Nf6 6. Bf4 Be6 7. h3 Nbd7 8. e3 Bb4 9. Bd3 Ne4 10. Qc2 f5 11. O-O O-O 12. Ne2 c5 13. a3 Ba5 14. dxc5 Ndxc5 15. b4 Nxd3 16. Qxd3 Bb6 17. Rac1 g5 18. Be5 Bd7 19. Qxd5+ Rf7 20. Rfd1 Qe8 21. Qxb7 Bb5 22. Qxb6 Bxe2 23. Rd5 g4 24. Nd4 Bb5 25. Rc7 gxh3 26. Nxf5 h2+ 27. Kxh2 Rxc7 28. Qxc7 Qh5+ 29. Kg1 Re8 30. Qg7# 1-0


[Site "https://www.chess.com"]

[Event "Titled Tuesday Blitz July 25 Late 2023"]
[White "Kanakaris, Georgios"]
[Black "Weetik, Vjacheslav"]
[WhiteFideId "4209460"]
[BlackFideId "4153472"]
[WhiteElo "2509"]
[BlackElo "2669"]
[Result "0-1"]
[Round "6"]
[TimeControl "180+2"]
[Date "2023.07.25"]
[WhiteClock "0:00:00"]
[BlackClock "0:00:05"]
[Board "61"]

1. d4 Nf6 2. c4 e6 3. Nf3 Bb4+ 4. Bd2 Qe7 5. g3 Nc6 6. Bg2 Bxd2+ 7. Nbxd2 d6 8. O-O e5 9. d5 Nb8 10. e4 a5 11. Ne1 O-O 12. Nd3 Na6 13. f4 c6 14. f5 h6 15. Qf3 Bd7 16. a4 Rfe8 17. g4 cxd5 18. cxd5 b5 19. h4 Nh7 20. Qg3 bxa4 21. Nf3 Bb5 22. Rfd1 Bxd3 23. Rxd3 Nc5 24. Re3 f6 25. Rf1 Rab8 26. g5 hxg5 27. hxg5 fxg5 28. Nd2 Rxb2 29. Nc4 Rb3 30. Nxa5 Rxe3 31. Qxe3 g4 32. Nc6 Qh4 33. Rb1 g3 34. Rb6 Nf6 35. Na5 Ncxe4 36. Nc4 Ra8 37. Nxd6 Nxd6 38. Rxd6 a3 39. Qxe5 a2 40. Qa1 Ng4 41. Re6 Qg5 42. d6 Ra7 0-1


[Site "https://www.chess.com"]

[Event "Titled Tuesday Blitz July 25 Late 2023"]
[White "Plotkin, Victor"]
[Black "Velikanov, Alexander"]
[WhiteFideId "2606674"]
[BlackFideId "2039290"]
[WhiteElo "2504"]
[BlackElo "2666"]
[Result "0-1"]
[Round "6"]
[TimeControl "180+2"]
[Date "2023.07.25"]
[WhiteClock "0:01:35"]
[BlackClock "0:01:33"]
[Board "62"]

1. e4 g6 2. d4 Bg7 3. Nc3 d6 4. f4 a6 5. Nf3 b5 6. Bd3 Bb7 7. O-O Nd7 8. a4 b4 9. Ne2 c5 10. c3 Ngf6 11. e5 Nd5 12. Bc4 Rc8 13. e6 fxe6 14. Ng5 Nf8 15. Qb3 Qc7 16. Nxe6 Nxe6 17. Bxd5 c4 18. Bxc4 Qxc4 19. Qxc4 Rxc4 20. Be3 Kd7 21. b3 Rxc3 22. Nxc3 bxc3 23. Rac1 Nxd4 24. Rfe1 Nxb3 25. Rb1 Bd5 0-1


[Site "https://www.chess.com"]

[Event "Titled Tuesday Blitz July 25 Late 2023"]
[White "brm72"]
[Black "Ordekalog"]
[WhiteElo "2660"]
[BlackElo "2503"]
[Result "0-1"]
[Round "6"]
[TimeControl "180+2"]
[Date "2023.07.25"]
[WhiteClock "0:00:02"]
[BlackClock "0:00:14"]
[Board "63"]

1. e4 c5 2. Nf3 e6 3. d4 cxd4 4. Nxd4 Bc5 5. Nb3 Bb6 6. c4 Ne7 7. Nc3 O-O 8. Be2 Nbc6 9. O-O f5 10. Kh1 a6 11. c5 Bc7 12. f4 fxe4 13. Nxe4 Nd5 14. Nd6 Qe7 15. Bf3 Bxd6 16. cxd6 Qxd6 17. Be3 Nce7 18. Bc5 Qxf4 19. Bxd5 Nxd5 20. Rxf4 Rxf4 21. Bd6 Rf7 22. Qe2 b6 23. Rf1 Rxf1+ 24. Qxf1 Bb7 25. h3 Ne3 26. Qd3 Nxg2 27. Kh2 Rc8 28. Nd4 b5 29. Qg3 g6 30. h4 Rc4 31. Qf2 Rc8 32. h5 Be4 33. Qf6 Ne3 34. Be5 Ng4+ 35. Kg3 Nxf6 36. Bxf6 gxh5 37. Kh4 Bg6 38. Kg5 Kf7 39. Nf3 h6+ 0-1


[Site "https://www.chess.com"]

[Event "Titled Tuesday Blitz July 25 Late 2023"]
[White "Michalczak, Thomas"]
[Black "Bjelobrk, Igor"]
[WhiteFideId "4622634"]
[BlackFideId "4300726"]
[WhiteElo "2494"]
[BlackElo "2658"]
[Result "0-1"]
[Round "6"]
[TimeControl "180+2"]
[Date "2023.07.25"]
[WhiteClock "0:00:30"]
[BlackClock "0:01:03"]
[Board "64"]

1. e4 e6 2. d4 d5 3. Nc3 Bb4 4. e5 b6 5. a3 Bf8 6. h4 Ne7 7. h5 h6 8. b4 c5 9. bxc5 bxc5 10. dxc5 Nec6 11. Nf3 Bxc5 12. Bd3 Nd7 13. Qe2 a6 14. O-O Qc7 15. Bf4 Nd4 16. Nxd4 Bxd4 17. Nxd5 exd5 18. e6 Qxf4 19. exd7+ Kxd7 20. Rad1 Re8 21. Bb5+ axb5 22. Qxb5+ Ke7 23. Qb4+ Qd6 24. Qxd4 Kf8 25. c4 Kg8 26. c5 Qc6 27. Rfe1 Rxe1+ 28. Rxe1 Be6 29. Re3 Ra4 30. Qd1 Ra5 31. Qd2 Rxc5 0-1


[Site "https://www.chess.com"]

[Event "Titled Tuesday Blitz July 25 Late 2023"]
[White "Roberson, Peter T"]
[Black "Manukyan, Sargis A."]
[WhiteFideId "412384"]
[BlackFideId "13303970"]
[WhiteElo "2494"]
[BlackElo "2655"]
[Result "1/2-1/2"]
[Round "6"]
[TimeControl "180+2"]
[Date "2023.07.25"]
[WhiteClock "0:00:05"]
[BlackClock "0:00:19"]
[Board "65"]

1. c4 e5 2. g3 d5 3. cxd5 Qxd5 4. Nf3 Nc6 5. Bg2 b6 6. O-O Bb7 7. d4 O-O-O 8. Nc3 Qd7 9. d5 Nb4 10. Nxe5 Qe8 11. Bf4 f6 12. Nc4 g5 13. Be3 Ne7 14. d6 Bxg2 15. Kxg2 Qc6+ 16. Kg1 Qxc4 17. dxe7 Bxe7 18. Qb3 Qxb3 19. axb3 Kb7 20. Nb5 a6 21. Nd4 Bc5 22. Ne6 Rd5 23. Nxc5+ bxc5 24. Rac1 Kb6 25. Rc4 Nc6 26. Rfc1 Rhd8 27. Rxc5 Rxc5 28. Rxc5 Kb7 29. Kg2 Rd6 30. h4 h6 31. hxg5 hxg5 32. Rf5 Ne7 33. Ra5 Nc6 34. Ra4 Rd5 35. f4 gxf4 36. gxf4 f5 37. Kf3 Rb5 38. Ra3 Nb4 39. Bd4 Nc2 40. Ra4 Rxb3+ 41. e3 Nxd4+ 42. Rxd4 Rxb2 43. e4 Rb3+ 44. Ke2 fxe4 45. Rxe4 Rb2+ 46. Kd3 Rf2 47. Ke3 Rf1 48. Ke2 Rh1 49. f5 Rh6 50. Rf4 Rf6 51. Kd3 Kc6 52. Ke4 Kd6 53. Rf1 c5 54. Ra1 Ke7 55. Ke5 Rc6 56. Rh1 c4 57. Rh7+ Kf8 58. Rh2 c3 59. Rc2 Ke7 60. Kd4 Rf6 61. Rxc3 Rxf5 62. Ra3 a5 63. Kc3 Kd6 64. Kb2 Kc6 65. Rc3+ Kb6 66. Rb3+ Ka6 67. Re3 Rf4 68. Ka3 Rf6 69. Rd3 Rc6 70. Re3 Rc5 71. Rd3 Kb5 72. Re3 Rd5 73. Rf3 Re5 74. Rg3 Rh5 75. Rf3 Rc5 76. Rg3 Kc4 77. Rg4+ Kb5 78. Rg3 Rc1 79. Rg5+ Kc4 80. Rg4+ Kc5 81. Rg5+ Kd4 82. Rg4+ Ke5 83. Rg5+ Kf4 84. Rxa5 Rb1 85. Ra4+ Ke3 86. Rb4 Rc1 87. Ka4 Kd3 88. Kb5 Rc8 89. Rh4 Rb8+ 90. Kc5 Rc8+ 91. Kd5 Rd8+ 92. Ke5 Kc3 93. Rh3+ Kc4 94. Rh4+ Kc5 95. Kf5 Kd5 96. Kg5 Ke5 97. Rg4 Rh8 98. Rg3 Ke4 99. Rg4+ Ke5 100. Rg3 Rh7 101. Kg4 Ke4 102. Kg5 Rh8 103. Kg4 Rg8+ 104. Kh4 Rf8 105. Rg4+ Kf3 106. Rg3+ Kf4 107. Rg4+ Kf3 108. Rg3+ Kf2 109. Rg4 Rf5 110. Rg5 Rf3 111. Kh5 Ke3 112. Kg6 Ke4 113. Kg7 Kf4 114. Kg6 Ra3 115. Rf5+ Ke4 116. Rg5 Ra6+ 117. Kf7 Kf4 118. Rb5 Rc6 119. Ke7 Ke4 120. Kd7 Rh6 121. Ke7 Kd4 122. Kd7 Kc4 123. Rg5 Rh7+ 124. Ke6 Rb7 125. Kd6 Rb6+ 126. Kc7 Rb5 127. Rxb5 Kxb5 1/2-1/2


[Site "https://www.chess.com"]

[Event "Titled Tuesday Blitz July 25 Late 2023"]
[White "Danielyan, Vahe"]
[Black "Alboredo, Julia"]
[WhiteFideId "13304828"]
[BlackFideId "2124807"]
[WhiteElo "2642"]
[BlackElo "2489"]
[Result "1-0"]
[Round "6"]
[TimeControl "180+2"]
[Date "2023.07.25"]
[WhiteClock "0:01:33"]
[BlackClock "0:01:03"]
[Board "66"]

1. e4 c5 2. Nc3 Nc6 3. Bb5 Nd4 4. Bc4 Nf6 5. Nge2 Nc6 6. d3 d6 7. O-O e6 8. f4 Be7 9. Ng3 d5 10. Bb5 O-O 11. Bxc6 bxc6 12. Kh1 c4 13. e5 Ne8 14. dxc4 Ba6 15. cxd5 Bxf1 16. d6 Bxg2+ 17. Kxg2 Bh4 18. Nce4 f6 19. Be3 fxe5 20. fxe5 Qa5 21. Qg4 Bxg3 22. Qxg3 Rf5 23. Nc5 Qb5 24. Re1 Qxb2 25. Bf2 Qxc2 26. Nxe6 h6 27. Nd4 Rxf2+ 28. Qxf2 1-0


[Site "https://www.chess.com"]

[Event "Titled Tuesday Blitz July 25 Late 2023"]
[White "Tanaka, Taira Tyler"]
[Black "marik_spb"]
[WhiteFideId "7002351"]
[WhiteElo "2627"]
[BlackElo "2479"]
[Result "1-0"]
[Round "6"]
[TimeControl "180+2"]
[Date "2023.07.25"]
[WhiteClock "0:00:45"]
[BlackClock "0:00:43"]
[Board "67"]

1. d4 Nf6 2. Nc3 d5 3. Bf4 e6 4. Nb5 Na6 5. e3 Be7 6. Nf3 O-O 7. Bd3 c5 8. c3 Bd7 9. a4 Ne4 10. O-O f5 11. Ne5 Bxb5 12. Bxb5 c4 13. f3 Nd6 14. b3 Nxb5 15. axb5 Nc7 16. bxc4 dxc4 17. Qe2 Nxb5 18. Qxc4 Qd5 19. Qd3 Qd8 20. Qxb5 Qc8 21. Qb3 g5 22. Bg3 f4 23. Bf2 Kh8 24. Rab1 b6 25. e4 Bd6 26. Nc4 Bc7 27. d5 exd5 28. Bd4+ Kg8 29. Ne5 Qe6 30. exd5 Qd6 31. Rfe1 Rae8 32. Ng4 a5 33. Nf6+ Rxf6 34. Rxe8+ Kf7 35. Re6 Rxe6 36. dxe6+ Qxe6 37. Qxe6+ Kxe6 38. Bxb6 1-0


[Site "https://www.chess.com"]

[Event "Titled Tuesday Blitz July 25 Late 2023"]
[White "Pniaczek, Marek"]
[Black "Omelja, Artem"]
[WhiteFideId "21800421"]
[BlackFideId "14119846"]
[WhiteElo "2477"]
[BlackElo "2626"]
[Result "0-1"]
[Round "6"]
[TimeControl "180+2"]
[Date "2023.07.25"]
[WhiteClock "0:00:47"]
[BlackClock "0:02:30"]
[Board "68"]

1. e4 c5 2. Nf3 e6 3. d4 cxd4 4. Nxd4 Nf6 5. Nc3 Nc6 6. Ndb5 Bc5 7. Nd6+ Ke7 8. Bf4 e5 9. Nf5+ Kf8 10. Bg5 d6 11. Ne3 Be6 12. Ncd5 Qa5+ 13. c3 Nxe4 14. b4 Bxb4 15. cxb4 Nxb4 16. Be7+ Ke8 17. Bb5+ Nc6+ 18. Kf1 Qxb5+ 19. Kg1 0-1


[Site "https://www.chess.com"]

[Event "Titled Tuesday Blitz July 25 Late 2023"]
[White "musclemonster12"]
[Black "Kirillov, Dmitry"]
[BlackFideId "34180572"]
[WhiteElo "2621"]
[BlackElo "2469"]
[Result "1-0"]
[Round "6"]
[TimeControl "180+2"]
[Date "2023.07.25"]
[WhiteClock "0:00:37"]
[BlackClock "0:00:02"]
[Board "69"]

1. Nf3 Nf6 2. c4 b6 3. g3 c5 4. Bg2 Bb7 5. O-O g6 6. Nc3 Bg7 7. d4 cxd4 8. Nxd4 Bxg2 9. Kxg2 Nc6 10. e4 O-O 11. Be3 Qc8 12. b3 Qb7 13. f3 a6 14. a4 Rfd8 15. Rf2 e6 16. Rd2 Nb4 17. Rc1 Rac8 18. Kg1 d5 19. cxd5 exd5 20. e5 Nd7 21. f4 Nc5 22. Na2 Nxa2 23. Rxa2 Ne4 24. Rac2 Bf8 25. Rxc8 Rxc8 26. Rxc8 Qxc8 27. Qc2 Qxc2 28. Nxc2 Bc5 29. Bd4 Nd2 30. b4 Nf3+ 31. Kf2 Nxd4 32. bxc5 Nc6 33. cxb6 Kf8 34. Ke3 Ke8 35. Nd4 Nb8 36. a5 Kd7 37. g4 Kc8 38. f5 Kd7 39. f6 h6 40. h4 Kc8 41. Kd3 Kd7 42. h5 gxh5 43. gxh5 Ke8 44. Kc3 Kd7 45. Kb4 Nc6+ 46. Nxc6 Kxc6 47. e6 fxe6 48. f7 1-0


[Site "https://www.chess.com"]

[Event "Titled Tuesday Blitz July 25 Late 2023"]
[White "Necromon"]
[Black "Salik, Serkan"]
[BlackFideId "30952492"]
[WhiteElo "2466"]
[BlackElo "2609"]
[Result "0-1"]
[Round "6"]
[TimeControl "180+2"]
[Date "2023.07.25"]
[WhiteClock "0:00:22"]
[BlackClock "0:00:31"]
[Board "70"]

1. Nf3 g6 2. g3 Bg7 3. Bg2 d6 4. O-O Bd7 5. c4 Qc8 6. Nc3 Nc6 7. d4 Bh3 8. Nd5 Bxg2 9. Kxg2 h5 10. h4 Nh6 11. Rb1 Nf5 12. e3 e6 13. Nf4 e5 14. dxe5 dxe5 15. Nd5 O-O 16. e4 Nfd4 17. Be3 Nxf3 18. Qxf3 Rd8 19. Bg5 Rd6 20. b4 Qf8 21. Nxc7 Nd4 22. Qc3 Rc8 23. Nd5 f6 24. Be3 f5 25. c5 fxe4 26. Bxd4 exd4 27. Qb3 Qf3+ 0-1


[Site "https://www.chess.com"]

[Event "Titled Tuesday Blitz July 25 Late 2023"]
[White "Zavgorodniy, Sergiy"]
[Black "Serban, Cristian-Stefan"]
[WhiteFideId "14110148"]
[BlackFideId "1241443"]
[WhiteElo "2602"]
[BlackElo "2449"]
[Result "1/2-1/2"]
[Round "6"]
[TimeControl "180+2"]
[Date "2023.07.25"]
[WhiteClock "0:00:09"]
[BlackClock "0:00:12"]
[Board "71"]

1. d4 Nf6 2. c4 c5 3. d5 b5 4. cxb5 a6 5. e3 Qa5+ 6. Nc3 Bb7 7. Bd2 Qb6 8. e4 d6 9. a4 axb5 10. Bxb5+ Nbd7 11. Nf3 g6 12. Bg5 Bg7 13. e5 dxe5 14. Nxe5 O-O 15. Nxd7 Nxd7 16. Bxe7 Rfe8 17. d6 Bxg2 18. Rg1 Bc6 19. Bxc6 Qxc6 20. Qd2 Ne5 21. Qd5 Nf3+ 22. Kf1 Qa6+ 23. Kg2 Nxg1 24. d7 Rxe7 25. d8=Q+ Rxd8 26. Qxd8+ Bf8 27. Kxg1 Qb7 28. Nd5 Re2 29. Nf6+ Kg7 30. Ne8+ Kg8 31. Nf6+ Kg7 32. Ne8+ Kg8 33. Nf6+ 1/2-1/2


[Site "https://www.chess.com"]

[Event "Titled Tuesday Blitz July 25 Late 2023"]
[White "Piesik, Piotr"]
[Black "Olsson, William"]
[WhiteFideId "1136194"]
[BlackFideId "1741721"]
[WhiteElo "2601"]
[BlackElo "2449"]
[Result "1-0"]
[Round "6"]
[TimeControl "180+2"]
[Date "2023.07.25"]
[WhiteClock "0:00:28"]
[BlackClock "0:00:03"]
[Board "72"]

1. Nf3 c5 2. g3 Nc6 3. Bg2 g6 4. c3 e5 5. O-O Bg7 6. e4 Nge7 7. Na3 d6 8. d4 exd4 9. cxd4 O-O 10. d5 Nd4 11. Nxd4 Bxd4 12. Bh6 Re8 13. Qd2 f5 14. Rae1 fxe4 15. Rxe4 Nf5 16. Bg5 Qd7 17. Rfe1 Rf8 18. Nc2 Bxb2 19. g4 Nd4 20. Ne3 Ba3 21. Rb1 a5 22. Re7 Bb4 23. Qd3 Qb5 24. Qe4 Qe2 25. Bh6 Qxf2+ 26. Kh1 Bf5 27. gxf5 Rxf5 28. Nxf5 Nxf5 29. Qe6+ Kh8 30. Qf6+ Kg8 31. Rg7+ Kh8 32. Rxg6+ Ng7 33. Qxg7# 1-0


[Site "https://www.chess.com"]

[Event "Titled Tuesday Blitz July 25 Late 2023"]
[White "Mickiewicz, Piotr"]
[Black "Medina Paz, Miguel"]
[WhiteFideId "1114891"]
[BlackFideId "7300379"]
[WhiteElo "2443"]
[BlackElo "2588"]
[Result "0-1"]
[Round "6"]
[TimeControl "180+2"]
[Date "2023.07.25"]
[WhiteClock "0:00:03"]
[BlackClock "0:01:06"]
[Board "73"]

1. Nf3 Nf6 2. g3 d5 3. Bg2 c6 4. O-O Bg4 5. d3 Nbd7 6. Nbd2 e6 7. h3 Bh5 8. e4 dxe4 9. dxe4 Qc7 10. Qe2 e5 11. g4 Bg6 12. Nh4 Nc5 13. b3 Ne6 14. Nxg6 hxg6 15. Nf3 Bc5 16. Rd1 Nd7 17. Kf1 O-O-O 18. Be3 Bxe3 19. fxe3 f6 20. b4 Rdf8 21. Kg1 Ng5 22. Nxg5 fxg5 23. c4 c5 24. a3 Nf6 25. Rd2 Rd8 26. Rd5 Nxd5 27. exd5 e4 28. bxc5 Qxc5 29. Rd1 Qd6 30. Qb2 Rdf8 31. Rb1 b6 32. c5 Qg3 33. Qc3 b5 34. Rxb5 Rxh3 35. Rb8+ Kxb8 36. Qb4+ Kc8 37. Qxe4 Qh2# 0-1


[Site "https://www.chess.com"]

[Event "Titled Tuesday Blitz July 25 Late 2023"]
[White "Hajiyev, Kanan"]
[Black "Rios Escobar, Adan"]
[WhiteFideId "13404148"]
[BlackFideId "3403645"]
[WhiteElo "2584"]
[BlackElo "2430"]
[Result "1-0"]
[Round "6"]
[TimeControl "180+2"]
[Date "2023.07.25"]
[WhiteClock "0:00:17"]
[BlackClock "0:00:00"]
[Board "74"]

1. d4 Nf6 2. Nf3 g6 3. c4 Bg7 4. g3 c6 5. Bg2 d5 6. O-O dxc4 7. Ne5 Ng4 8. Nf3 Nf6 9. a4 Ne4 10. Na3 Nd6 11. Ne5 a5 12. Naxc4 Na6 13. Nxd6+ Qxd6 14. Bf4 Qd8 15. Qb3 O-O 16. Rfd1 Nb4 17. Rac1 Be6 18. Qf3 f6 19. Nc4 g5 20. Bd2 Bf7 21. Bxb4 axb4 22. b3 Qc7 23. e4 Rad8 24. Qe3 h5 25. h3 Bh6 26. Qd2 Kg7 27. Qxb4 g4 28. Rc2 h4 29. e5 hxg3 30. fxg3 Bxc4 31. Rxc4 gxh3 32. Bxh3 fxe5 33. Re1 exd4 34. Rxe7+ 1-0


[Site "https://www.chess.com"]

[Event "Titled Tuesday Blitz July 25 Late 2023"]
[White "Vega Gutierrez, Sabrina"]
[Black "Sivakumar, Shaaketh"]
[WhiteFideId "2219026"]
[BlackFideId "30940176"]
[WhiteElo "2429"]
[BlackElo "2583"]
[Result "1-0"]
[Round "6"]
[TimeControl "180+2"]
[Date "2023.07.25"]
[WhiteClock "0:00:03"]
[BlackClock "0:00:04"]
[Board "75"]

1. e4 e6 2. Qe2 Ne7 3. g3 d5 4. d3 c5 5. Nf3 Nbc6 6. Bg2 g6 7. O-O Bg7 8. c3 O-O 9. Re1 b5 10. Nbd2 a5 11. exd5 exd5 12. Nb3 c4 13. Nc5 Qd6 14. d4 Bf5 15. Bf4 Qd8 16. h3 b4 17. g4 Bc8 18. Qd2 Re8 19. Re2 bxc3 20. bxc3 Qb6 21. Rae1 Ra7 22. Bh6 Bh8 23. Ng5 Bg7 24. Bxg7 Kxg7 25. Bxd5 Nd8 26. Bxc4 Rc7 27. Qf4 f6 28. Nge4 Nf7 29. Bxf7 Kxf7 30. Nd6+ Kf8 31. Qxf6+ Kg8 32. Qf7+ Kh8 33. Qxe8+ Kg7 34. Rxe7+ Kh6 35. Qf8+ Kg5 36. Nce4+ Kh4 37. Qf6+ Kxh3 38. Re3+ Kxg4 39. Rg3+ Kh5 40. Qg5# 1-0


[Site "https://www.chess.com"]

[Event "Titled Tuesday Blitz July 25 Late 2023"]
[White "Rakitic2010"]
[Black "Cappelletto, Joshuaede"]
[BlackFideId "2824383"]
[WhiteElo "2428"]
[BlackElo "2576"]
[Result "0-1"]
[Round "6"]
[TimeControl "180+2"]
[Date "2023.07.25"]
[WhiteClock "0:00:08"]
[BlackClock "0:00:42"]
[Board "76"]

1. e4 c5 2. Nf3 e6 3. d4 cxd4 4. Nxd4 a6 5. Bd3 Bc5 6. Nb3 Ba7 7. O-O Nf6 8. Qe2 Nc6 9. Nc3 O-O 10. Be3 Bxe3 11. Qxe3 d5 12. exd5 Nxd5 13. Nxd5 Qxd5 14. Rad1 Qh5 15. Nc5 Ne5 16. Be2 Ng4 17. Bxg4 Qxg4 18. Rd4 Qh5 19. Ne4 e5 20. Qg3 f5 21. Qxe5 Re8 22. Ng3 Rxe5 23. Nxh5 Be6 24. Rfd1 Bxa2 25. b3 Rc8 26. Rd8+ Rxd8 27. Rxd8+ Kf7 28. Kf1 Bb1 29. Rd2 Rc5 30. c4 Rc7 31. f3 b5 32. cxb5 axb5 33. Nf4 Bc2 34. b4 Bb3 35. Kf2 Bc4 36. Nd5 Rd7 37. Ra2 Bxa2 38. Nc3 Bc4 39. Ke3 Rd3+ 40. Kf4 Rxc3 41. g4 Rb3 42. Kg5 Rxb4 43. f4 fxg4 44. h4 Rb1 45. f5 Re1 46. f6 gxf6+ 47. Kh5 b4 48. Kh6 b3 49. h5 b2 50. Kxh7 b1=Q+ 51. Kh6 Qc1+ 52. Kh7 Qg5 53. h6 Qg8# 0-1


[Site "https://www.chess.com"]

[Event "Titled Tuesday Blitz July 25 Late 2023"]
[White "Pham, Le Thao Nguyen"]
[Black "Tarasova, Viktoriya"]
[WhiteFideId "12401226"]
[BlackFideId "4175840"]
[WhiteElo "2574"]
[BlackElo "2388"]
[Result "1-0"]
[Round "6"]
[TimeControl "180+2"]
[Date "2023.07.25"]
[WhiteClock "0:00:12"]
[BlackClock "0:00:00"]
[Board "77"]

1. d4 Nf6 2. Nf3 e6 3. c4 b6 4. g3 Ba6 5. b3 d5 6. Bg2 Bb4+ 7. Bd2 Be7 8. O-O O-O 9. Qc2 Nbd7 10. Rd1 c5 11. Be3 cxd4 12. Bxd4 Rc8 13. Nbd2 Qc7 14. Qb2 dxc4 15. bxc4 Bc5 16. Rac1 Rfd8 17. e3 Bb7 18. Nb3 Be7 19. Ne5 Bxg2 20. Kxg2 Nxe5 21. Bxe5 Qc6+ 22. f3 Rxd1 23. Rxd1 Qxc4 24. Rd2 h6 25. h4 a5 26. Nd4 Nd5 27. Kf2 f6 28. Nxe6 fxe5 29. Qxe5 Nf6 30. Nxg7 Kxg7 31. Qxe7+ Qf7 32. Qe5 Re8 33. Qb2 Qe6 34. e4 Kh7 35. Kg2 Nh5 36. Rd5 Nf6 37. Rb5 Nd7 38. Rd5 Rg8 39. Qf2 Nc5 40. Qd4 Qg6 41. g4 Rg7 42. Rd6 Qf7 43. h5 Qxa2+ 44. Kg3 Qf7 45. Rxb6 Qc7+ 46. Qd6 Qxd6+ 47. Rxd6 a4 48. Rc6 Nd3 49. Ra6 Nb2 50. f4 Rb7 51. f5 Rb3+ 52. Kf4 a3 53. f6 Nd3+ 54. Kf5 Kg8 55. Ra7 Kf8 56. Kg6 Rb5 57. Rxa3 Ke8 58. Ra8+ Kd7 59. Kxh6 Ne5 60. g5 Nf7+ 61. Kg6 Ne5+ 62. Kg7 Nf3 63. g6 Ne5 64. f7 Nxf7 65. gxf7 Rg5+ 66. Kf6 Rxh5 67. f8=Q 1-0


[Site "https://www.chess.com"]

[Event "Titled Tuesday Blitz July 25 Late 2023"]
[White "Yu, Jennifer"]
[Black "Ozates, Tuna"]
[WhiteFideId "2078341"]
[BlackFideId "6354521"]
[WhiteElo "2371"]
[BlackElo "2574"]
[Result "0-1"]
[Round "6"]
[TimeControl "180+2"]
[Date "2023.07.25"]
[WhiteClock "0:00:03"]
[BlackClock "0:00:08"]
[Board "78"]

1. d4 Nf6 2. c4 e6 3. Nc3 Bb4 4. a3 Bxc3+ 5. bxc3 O-O 6. g3 d6 7. Bg5 h6 8. Bxf6 Qxf6 9. Bg2 e5 10. Nf3 Re8 11. O-O Nc6 12. e3 Bg4 13. h3 Bh5 14. g4 Bg6 15. Nd2 Bd3 16. Ne4 Bxe4 17. Bxe4 exd4 18. Bxc6 bxc6 19. cxd4 h5 20. Rb1 hxg4 21. hxg4 g5 22. Kg2 Kg7 23. Rb7 Rh8 24. Rh1 Rxh1 25. Qxh1 Rh8 26. Qa1 d5 27. cxd5 Qh6 28. Kf3 Qh3+ 29. Ke2 Qxg4+ 30. Kd2 Rh2 31. Qf1 Qf3 32. Qd3 Qxf2+ 33. Kc3 cxd5 34. Rb1 Qa2 35. Kb4 Rc2 36. Qf5 Rc4+ 37. Kb5 c6+ 38. Ka6 Qxa3+ 39. Kb7 Rb4+ 40. Rxb4 Qxb4+ 41. Kc7 Qe7+ 42. Kxc6 Qe6+ 43. Qxe6 fxe6 44. Kb7 g4 45. Kxa7 g3 0-1


[Site "https://www.chess.com"]

[Event "Titled Tuesday Blitz July 25 Late 2023"]
[White "Vovk, Orest"]
[Black "Butolo, Alexandru-Mircea"]
[WhiteFideId "14113490"]
[BlackFideId "1261649"]
[WhiteElo "2571"]
[BlackElo "1856"]
[Result "1-0"]
[Round "6"]
[TimeControl "180+2"]
[Date "2023.07.25"]
[WhiteClock "0:01:23"]
[BlackClock "0:01:24"]
[Board "79"]

1. Nh3 Nf6 2. g4 Nxg4 3. Rg1 Nf6 4. c4 g6 5. Nc3 d6 6. d4 Bg7 7. Nf4 Nc6 8. h4 e5 9. dxe5 dxe5 10. Qxd8+ Nxd8 11. Nfd5 Nxd5 12. Nxd5 Ne6 13. Bh3 f5 14. e4 Nd4 15. Nxc7+ Kd8 16. Nxa8 Nc2+ 17. Ke2 Nxa1 18. Bg5+ Kd7 19. Rxa1 Kc6 20. b4 fxe4 21. b5+ Kc5 22. Be7+ Kd4 23. Rd1+ Kxc4 24. Rc1+ 1-0


[Site "https://www.chess.com"]

[Event "Titled Tuesday Blitz July 25 Late 2023"]
[White "Tifferet, Shaked"]
[Black "Miladinovic, Igor"]
[WhiteFideId "2811529"]
[BlackFideId "4203380"]
[WhiteElo "2482"]
[BlackElo "2809"]
[Result "0-1"]
[Round "6"]
[TimeControl "180+2"]
[Date "2023.07.25"]
[WhiteClock "0:00:14"]
[BlackClock "0:01:49"]
[Board "80"]

1. e4 c6 2. Nc3 d5 3. d4 dxe4 4. Nxe4 Nf6 5. Nxf6+ exf6 6. c3 Bd6 7. Bd3 O-O 8. Ne2 Re8 9. Be3 Nd7 10. Qc2 Nf8 11. O-O Qc7 12. Ng3 Be6 13. a4 Rad8 14. Rae1 c5 15. dxc5 Bxc5 16. Bxc5 Qxc5 17. Re3 Bb3 18. Rxe8 Bxc2 19. Rxd8 Bxd3 20. Rxd3 g6 21. Ne4 Qc6 22. Rd4 f5 23. Ng5 h6 24. Nf3 Ne6 25. Rh4 h5 26. Rd1 f4 27. Nd4 Qxa4 28. b3 Qd7 29. Kf1 Nxd4 30. Rxd4 Qb5+ 31. Rc4 Qxb3 32. Rhxf4 Qd1# 0-1


[Site "https://www.chess.com"]